 Dungeon Crawl Stone Soup version 0.26-a0-950-g52035dc9a5 (webtiles) character file.

Game seed: 5064882767024568588

425 KristoblXynda the Slasher (level 6, -13/52 HPs)
             Began as a Draconian Gladiator on Nov 29, 2020.
             Was an Initiate of Ashenzari.
             Mangled by an orc warrior
             ... wielding a +0 trident
              (21 damage)
             ... on level 3 of the Dungeon.
             The game lasted 00:05:50 (3659 turns).

KristoblXynda the Slasher (Draconian Gladiator)     Turns: 3659, Time: 00:05:51

Health: -13/52     AC:  7    Str: 16    XL:     6   Next: 64%
Magic:  6/6        EV: 14    Int: 11    God:    Ashenzari [......]
Gold:   101        SH:  0    Dex: 12    Spells: 5/5 levels left

rFire    . . .     SeeInvis .   a - +0 long sword
rCold    . . .     Faith    .   (no shield)
rNeg     . . .     Spirit   .   (armour unavailable)
rPois    .         Reflect  .   b - +0 hat
rElec    .         Harm     .   g - +0 cloak
rCorr    .         Rampage  .   (no gloves)
MR       .....                  (no boots)
Stlth    +.........             (no amulet)
HPRegen  0.17/turn              (no ring)
MPRegen  0.10/turn              (no ring)

@: no status effects
A: unfitting armour, cold-blooded, AC +6
a: Curse Item, Renounce Religion


You were on level 3 of the Dungeon.
You worshipped Ashenzari.
Ashenzari was noncommittal.
You visited 1 branch of the dungeon, and saw 4 of its levels.

You collected 101 gold pieces.

Inventory:

Hand Weapons
 a - a +0 long sword (weapon)
Armour
 b - a +0 hat (worn)
 g - a +0 cloak (worn)
Scrolls
 f - 2 scrolls of teleportation {unknown}
 i - a scroll of magic mapping {unknown}
 j - a scroll of amnesia {unknown}
 k - a scroll of immolation {unknown}
Potions
 e - a potion of curing
 h - a potion of attraction
 l - a potion of resistance


   Skills:
 + Level 4.2 Fighting
 * Level 5.6 Long Blades
 - Level 2.0 Throwing
 + Level 4.1 Dodging


You had 5 spell levels left.
You didn't know any spells.
Your spell library was empty.

Dungeon Overview and Level Annotations

Branches:
Dungeon (4/15)
 Temple: D:4-7

Altars:
Ashenzari
Dithmenos
Gozag
Ru
Wu Jian


Innate Abilities, Weirdness & Mutations

Your plain brown scales are hard. (AC +6)
You cannot fit into any form of body armour.
You are cold-blooded and may be slowed by cold attacks.


Message History

You hit the orc warrior.
The orc warrior is lightly wounded.
The orc warrior struggles against the net.
The net rips apart, and the orc warrior comes free!
You hit the orc warrior.
The orc warrior is lightly wounded.
The orc warrior barely misses you.
You hit the orc warrior but do no damage.
The orc warrior is lightly wounded.
The orc warrior hits you with a +0 trident!
You closely miss the orc warrior.
The orc warrior is lightly wounded.
The orc warrior hits you with a +0 trident!
* * * LOW HITPOINT WARNING * * *
Unknown command.
The orc warrior barely misses you.
The orc warrior hits you from afar with a +0 trident.
* * * LOW HITPOINT WARNING * * *
The orc warrior hits you from afar with a +0 trident!!
You die...

#.# ############## #.#
#............#
#####.########.######.....#####
#............(....###..........
##.##.###..(.........[.........
#.##.# #.####.#....#..........
#.##.# #......#...##.....####.
##.##.###>).................##.
#.<.......####@..#.#......(..#.
##.##.#........................
#.#.....#..o#.###.#..#.#......
#.##............#.#..#.#.###.#
#.##..#..............#.#......
#.................##.#.#####.#
#####.###.#.#.#.##............
#.# #.#.#.#.##.#.#.####.#. #.#
#.#.#.#.........)<#.#.


You could see an orc warrior.

Vanquished Creatures
  Grinder (D:3)
  3 wights
  3 adders (D:3)
  3 gnolls (D:3)
  An ooze (D:2)
  2 dart slugs
  3 leopard geckos (D:1)
  2 orcs (D:3)
  11 bats
  2 giant cockroaches
  5 goblins
  3 hobgoblins
  8 kobolds
  A quokka (D:3)
  3 ball pythons
  3 frilled lizards
  5 rats
59 creatures vanquished.

Notes
Turn   | Place    | Note
-------+----------+-------------------------------------------
     0 | D:1      | KristoblXynda the Draconian Gladiator began the quest for
                  | the Orb.
     0 | D:1      | Reached XP level 1. HP: 17/17 MP: 1/1
   176 | D:1      | Reached XP level 2. HP: 25/25 MP: 2/2
   870 | D:2      | Reached XP level 3. HP: 30/30 MP: 3/3
  1012 | D:2      | Found a sacrificial altar of Ru.
  1012 | D:2      | Found a shadowy altar of Dithmenos.
  1478 | D:3      | You fall into a shaft and drop 1 floor!
  1505 | D:4      | Noticed an orc warrior
  1842 | D:2      | Reached skill level 4 in Long Blades
  1842 | D:2      | Reached XP level 4. HP: 11/38 MP: 4/4
  2179 | D:3      | Reached XP level 5. HP: 44/45 MP: 5/5
  2542 | D:3      | Found a broken altar of Ashenzari.
  2554 | D:3      | Became a worshipper of Ashenzari the Shackled
  2675 | D:3      | Found an opulent altar of Gozag.
  2676 | D:3      | Found an ornate altar of the Wu Jian Council.
  2680 | D:3      | Found a broken altar of Ashenzari.
  2802 | D:3      | Noticed Grinder
  2819 | D:3      | Paralysed by Grinder for 7 turns
  2830 | D:3      | Paralysed by Grinder for 7 turns
  2839 | D:3      | Killed Grinder
  2840 | D:3      | Reached skill level 5 in Long Blades
  2840 | D:3      | Reached XP level 6. HP: 8/52 MP: 6/6
  3659 | D:3      | Mangled by an orc warrior

Illustrated notes

Levels and vault maps discovered:
D:1:      saegor_arrival_simple_c, layout_rooms, minmay_misc_feat_four_crosses
D:2:      layout_loops_cross, gammafunk_temple_overflow_elements
D:3:      layout_basic, minitemple, ashenzari_altar_1, uniq_grinder
D:4:      minmay_goblin_kobold_castle, layout_loops_corners,
          minmay_temple_entry_arrows, uniq_natasha, uniq_pikel

Skill      XL: |  1  2  3  4  5 |
---------------+----------------+-----
Throwing       | 2 |  2.0
Dodging        | 3 4 |  4.1
Fighting       | 3 4 |  4.2
Long Blades    | 4 5 |  5.6

Action                   |  1- 3 |  4- 6 || total
-------------------------+-------+-------++-------
Melee: Long sword        |    83 |    70 ||   153
       Tailslap          |    12 |    11 ||    23
       Short sword       |    28 |       ||    28
Throw: Throwing net      |     1 |     3 ||     4
  Use: Scroll            |     2 |     2 ||     4
       Potion            |       |     1 ||     1
 Stab: Sleeping          |     1 |       ||     1
       Held in net/web   |       |     1 ||     1
Armor: Skin              |    29 |    22 ||    51
Dodge: Dodged            |   110 |    53 ||   163
       Rpst.: Long sword |    16 |    21 ||    37

Table legend: (Time is in decaauts)
 A = Elapsed time spent in this place.
 B = Non-inter-level travel time spent in this place.
 C = Inter-level travel time spent in this place.
 D = Time resting spent in this place.
 E = Time spent auto-exploring this place.
 F = Levels seen in this place.
 G = Mean time per level.
                   A        B        C        D        E       F      G
               +--------+--------+--------+--------+--------+-----+--------+
         Total |   3680 |   3617 |     63 |   1423 |   1524 |   4 |  920.0 |
       Dungeon |   3680 |   3617 |     63 |   1423 |   1524 |   4 |  920.0 |
               +--------+--------+--------+--------+--------+-----+--------+

Top non-repeatable levels by time:
     D:3: 1841 daAuts
     D:2: 938 daAuts
     D:1: 859 daAuts
     D:4: 41 daAuts
